 Dungeon Crawl Stone Soup version 0.22.1-2-g9c5b331383 (webtiles) character file.

758 Jynx the Geomancer (level 7, -5/36 HPs)
             Began as a Gargoyle Earth Elementalist on Nov 21, 2018.
             Slain by a slave (7 damage)
             ... led by Pikel
             ... on level 5 of the Dungeon.
             The game lasted 00:07:44 (5333 turns).

Jynx the Geomancer (Gargoyle Earth Elementalist)    Turns: 5333, Time: 00:07:44

Health: -5/36      AC:  6    Str: 11    XL:     7   Next: 80%
Magic:  3/13       EV: 12    Int: 17    God:
Gold:   155        SH:  0    Dex: 11    Spells: 13/14 levels left

rFire    . . .     SeeInvis .   j - +1 short sword
rCold    . . .     Gourm    .   (no shield)
rNeg     + . .     Faith    .   c - +0 robe
rPois    ∞         Spirit   .   (no helmet)
rElec    +         Reflect  .   (no cloak)
rCorr    .         Harm     .   (no gloves)
MR       .....                  (no boots)
Stlth    ++........             (no amulet)
HPRegen  0.12/turn              p - ring of flight
MPRegen  0.13/turn              (no ring)

@: no status effects
A: negative energy resistance 1, electricity resistance, unbreathing,
petrification resistance, rot immunity, AC +4
a: Evoke Flight


You were on level 5 of the Dungeon.
You were not hungry.

You visited 1 branch of the dungeon, and saw 5 of its levels.

You collected 305 gold pieces.
You spent 150 gold pieces at shops.

Inventory:

Hand Weapons
 j - a +1 short sword (weapon)
Missiles
 b - 76 stones (quivered)
Armour
 c - a +0 robe (worn)
Jewellery
 p - a ring of flight (left hand)
Wands
 a - a wand of polymorph (20)
 n - a wand of iceblast (8)
Scrolls
 e - a scroll of magic mapping
 m - a scroll of identify
Potions
 f - a potion of agility
 g - 2 potions of brilliance
 h - 3 potions of might
 i - 3 potions of curing {unknown}
 l - a potion of heal wounds {unknown}
 o - 2 potions of ambrosia {unknown}
Comestibles
 d - 8 rations
 k - 2 chunks of flesh


   Skills:
 + Level 2.5 Short Blades
 - Level 1.5 Dodging
 - Level 2.1 Stealth
 + Level 4.4 Spellcasting
   Level 0.7 Transmutations
 * Level 8.4 Earth Magic


You had 13 spell levels left.
You knew the following spells:

 Your Spells              Type           Power        Failure   Level  Hunger
a - Sandblast             Erth           ####..       1%          1    None

Your spell library contained the following spells:

 Spells                   Type           Power        Failure   Level  Hunger
 Passwall                 Tmut/Erth      ###.....     3%          2    ##.....
 Stone Arrow              Conj/Erth      ###...       8%          3    ###....
 Lee's Rapid Deconstruct  Erth           ####......   13%         5    ######.
 Corona                   Hex            #......      16%         1    None
 Ensorcelled Hibernation  Hex/Ice        #.....       22%         2    ##.....
 Petrify                  Tmut/Erth      ###.....     22%         4    ####...
 Confuse                  Hex            #.......     41%         3    ###....
 Dazzling Spray           Conj/Hex       #.....       41%         3    ###....
 Tukima's Dance           Hex            #.......     41%         3    ###....


Dungeon Overview and Level Annotations

Branches:
Dungeon (5/15)
 Temple: D:4-7

Altars:
Gozag
Qazlal
The Shining One

Shops:
D:5 *

Annotations:
D:5 Pikel


Innate Abilities, Weirdness & Mutations

You are resistant to torment.
Your stone body is resilient. (AC +4)
You are immune to poison.
You resist negative energy. (rN+)
You are resistant to electric shocks. (rElec)
You can survive without breathing.
You are immune to petrification.
You are immune to rotting.


Message History

Confirm with . or Enter, or press ? or * to list all spells.
Aiming: Sandblast (safe; 1% risk of failure)
Press: ? - help, Shift-Dir - straight line, f/p - Pikel
Aim: Pikel, wielding a whip of electrocution and wearing a runed robe (lightly The blast of sand hits Pikel.
Pikel is heavily wounded.
b - 77 stones Pikel hits you but does no damage.
The slave hits you.
* * * LOW HITPOINT WARNING * * *
Casting: Sandblast (safe; 1% risk of failure)
Confirm with . or Enter, or press ? or * to list all spells.
Aiming: Sandblast (safe; 1% risk of failure)
Press: ? - help, Shift-Dir - straight line, f/p - Pikel
Aim: Pikel, wielding a whip of electrocution and wearing a runed robe (heavily The blast of sand misses Pikel.
b - 76 stones Pikel barely misses you.
The slave hits you.
* * * LOW HITPOINT WARNING * * *
The slave hits you but does no damage. The slave hits you!
You die...

#........ #........ ..
#.)...... ##'## #........
#...# ..#........ #...# ..
#......## #...#
###'####......#.
#########...##p......#......#.
#............@K......#......#.
#............pp......#......#.
#......##...##.......#......#.
#......##..$##########......#.
#...........#...............##
#...........#.........#######.
#########...#.........#....#..
#...'.........#....#..
#...#.........#....#..


You could see Pikel and 3 slaves.

Vanquished Creatures
  An ogre (D:5)
  2 centaurs (D:5)
  2 scorpions
  A bullfrog skeleton (D:4)
  Jessica (D:3)
  Terence (D:2)
  An iguana (D:5)
  An orc wizard (D:4)
  3 worker ants
  3 gnolls (D:3)
  5 adders
  A shadow imp (D:5)
  4 oozes
  A worm (D:2)
  5 dart slugs
  4 leopard geckos
  11 orcs
  9 bats
  5 giant cockroaches
  7 hobgoblins
  4 jackals (D:4)
  A quokka (D:3)
  2 ball pythons
  4 frilled lizards
  7 goblins
  8 kobolds
  A quokka skeleton (D:4)
  17 rats
112 creatures vanquished.

Notes
Turn   | Place    | Note
-------+----------+-------------------------------------------
     0 | D:1      | Jynx the Gargoyle Earth Elementalist began the quest for
                  | the Orb.
     0 | D:1      | Reached XP level 1. HP: 10/10 MP: 3/3
    59 | D:1      | Reached skill level 4 in Earth Magic
   123 | D:1      | Reached XP level 2. HP: 11/15 MP: 3/5
   516 | D:1      | Reached XP level 3. HP: 16/19 MP: 6/6
  1150 | D:2      | Reached skill level 5 in Earth Magic
  1194 | D:2      | Reached XP level 4. HP: 24/24 MP: 0/8
  1372 | D:2      | Found a stormy altar of Qazlal.
  1438 | D:2      | Noticed Terence
  1475 | D:2      | Killed Terence
  1794 | D:2      | Found an opulent altar of Gozag.
  2271 | D:3      | Reached XP level 5. HP: 28/28 MP: 9/9
  2294 | D:3      | Noticed Jessica
  2297 | D:3      | Killed Jessica
  2297 | D:3      | Reached skill level 6 in Earth Magic
  2776 | D:3      | Found a glowing golden altar of the Shining One.
  3315 | D:4      | Reached XP level 6. HP: 32/32 MP: 6/11
  3667 | D:4      | Reached skill level 1 in Short Blades
  3667 | D:4      | Reached skill level 7 in Earth Magic
  4423 | D:5      | Entered Level 5 of the Dungeon
  4423 | D:5      | Noticed a slave
  4423 | D:5      | Noticed a slave
  4426 | D:5      | Noticed Pikel
  4791 | D:5      | Reached XP level 7. HP: 36/36 MP: 9/13
  4792 | D:5      | Found Lualomau's Assorted Antiques.
  4803 | D:5      | Bought an agate ring for 150 gold pieces
  4865 | D:5      | Reached skill level 8 in Earth Magic
  5333 | D:5      | Slain by a slave

Skill      XL: |  1  2  3  4  5  6  7 |
---------------+----------------------+-----
Earth Magic    | 4 5 6 7 8 |  8.4
Spellcasting   | 3 4 |  4.4
Short Blades   | 1 2 |  2.5
Dodging        | |  1.5
Stealth        | |  2.1
Transmutations | |  0.7

Action                   |  1- 3 |  4- 6 |  7- 9 || total
-------------------------+-------+-------+-------++-------
Melee: Unarmed           |    34 |    38 |       ||    72
       Short sword       |       |   207 |    10 ||   217
 Cast: Sandblast         |    44 |    56 |    22 ||   122
  Use: Scroll            |     3 |     5 |     1 ||     9
 Stab: Sleeping          |       |     3 |       ||     3
  Eat: Chunk             |     1 |    12 |     2 ||    15
Armor: Robe              |     9 |   107 |     4 ||   120
Dodge: Dodged            |    33 |   188 |    24 ||   245
